[Event "Titled Tuesday Blitz May 10 Early 2022"]
[White "Aaditya Dhingra"]
[Black "Lazavik, Denis"]
[WhiteFideId "25678191"]
[BlackFideId "13515110"]
[WhiteElo "1849"]
[BlackElo "2437"]
[Result "1/2-1/2"]
[Round "01"]
[TimeControl "180+1"]
[Date "2022.05.10"]
[WhiteClock "0:00:16"]
[BlackClock "0:00:09"]

1. e4 c5 2. Nf3 e6 3. b3 a6 4. Bb2 Nc6 5. c4 Qc7 6. Nc3 Nf6 7. Be2 Bd6 8. O-O Nd4 9. h3 Nxf3+ 10. Bxf3 Be5 11. Qc2 b6 12. Ne2 Bb7 13. d4 cxd4 14. Nxd4 g5 15. Rfe1 h5 16. g3 h4 17. g4 d6 18. Rad1 Nd7 19. Ne2 O-O-O 20. Bg2 Kb8 21. Rd2 Bxb2 22. Qxb2 Ne5 23. Red1 Rhf8 24. Nd4 Ng6 25. f3 Nf4 26. Bf1 Ka8 27. Ne2 Ng6 28. Qa3 d5 29. exd5 exd5 30. cxd5 Qe5 31. Nd4 Rxd5 32. Bxa6 Rxd4 33. Bxb7+ Kxb7 34. Rxd4 Qg3+ 35. Kh1 Qxh3+ 36. Kg1 Qg3+ 37. Kh1 Qxf3+ 38. Kg1 Qg3+ 39. Kh1 Qh3+ 40. Kg1 Qg3+ 41. Kh1 Qh3+ 42. Kg1 Qg3+ 1/2-1/2


[Site "https://www.chess.com"]

[Event "Titled Tuesday Blitz May 10 Early 2022"]
[White "Golubova, Anna"]
[Black "Samant Aditya S"]
[WhiteFideId "24173606"]
[BlackFideId "35080580"]
[WhiteElo "2083"]
[BlackElo "1916"]
[Result "0-1"]
[Round "01"]
[TimeControl "180+1"]
[Date "2022.05.11"]
[WhiteClock "0:00:08"]
[BlackClock "0:00:16"]

1. d4 Nf6 2. Bf4 d5 3. e3 c5 4. c3 Nc6 5. Nd2 e6 6. Ngf3 cxd4 7. exd4 Nh5 8. Bg5 f6 9. Be3 Bd6 10. g3 O-O 11. Be2 f5 12. Ne5 f4 13. Nxc6 bxc6 14. Bxh5 fxe3 15. fxe3 Rb8 16. Rb1 Qg5 17. Qe2 e5 18. Bf3 e4 19. Bxe4 dxe4 20. Nxe4 Qd5 21. Nf2 Qxa2 22. O-O Ba6 23. Nd3 Qc4 24. Rfd1 Rbe8 25. e4 c5 26. Qe3 cxd4 27. cxd4 Qb3 28. e5 Bc7 29. Qd2 Bb6 30. Nf4 Rd8 31. e6 Rxd4 32. Qxd4 Bxd4+ 33. Rxd4 Qe3+ 0-1


[Site "https://www.chess.com"]

[Event "Titled Tuesday Blitz May 10 Early 2022"]
[White "Aggelis, Nikolaos"]
[Black "Marin Masis, Jose Esteban"]
[WhiteFideId "4213220"]
[BlackFideId "6508146"]
[WhiteElo "2154"]
[BlackElo "1710"]
[Result "1-0"]
[Round "01"]
[TimeControl "180+1"]
[Date "2022.05.11"]
[WhiteClock "0:01:28"]
[BlackClock "0:00:06"]

1. d4 Nf6 2. g3 c5 3. d5 e6 4. Nc3 Qa5 5. Bg2 Nxd5 6. Bd2 Nxc3 7. Bxc3 Qc7 8. e4 Nc6 9. h4 d6 10. h5 h6 11. f4 b5 12. b3 b4 13. Bb2 a5 14. a4 Ba6 15. Nf3 O-O-O 16. Kf2 d5 17. Qe1 c4 18. Ne5 c3 19. Bc1 Nxe5 20. fxe5 Qxe5 21. exd5 Bc5+ 22. Be3 Qf5+ 23. Kg1 Rxd5 24. Bxd5 Qxd5 25. Bxc5 Qxc5+ 26. Qf2 Qxf2+ 27. Kxf2 Rd8 28. Rad1 Bb7 29. Rhf1 Be4 30. Rxd8+ Kxd8 31. Rc1 Kc7 32. Ke3 f5 33. Kd4 Kc6 34. Ke5 Bd5 35. Re1 Kd7 36. Re2 Bf3 37. Rh2 Bg4 38. Kd4 Bd1 39. Kc5 Kc7 40. Kb5 e5 41. Kc5 f4 42. Kd5 f3 43. Kxe5 Be2 44. Kd5 Bf1 45. Rf2 Bg2 46. Kc5 Kb7 47. Kb5 Kc7 48. Kxa5 Kd6 49. Kxb4 Kd5 50. Kxc3 Ke4 51. Kd2 Kd4 52. c3+ Kc5 53. Ke3 g5 54. Rxf3 Bxf3 55. Kxf3 Kb6 56. Ke4 1-0


[Site "https://www.chess.com"]

[Event "Titled Tuesday Blitz May 10 Early 2022"]
[White "Aldokhin, Ivan"]
[Black "Stankovic, Ivan G"]
[WhiteFideId "24115720"]
[BlackFideId "902837"]
[WhiteElo "2231"]
[BlackElo "2195"]
[Result "1-0"]
[Round "01"]
[TimeControl "180+1"]
[Date "2022.05.11"]
[WhiteClock "0:01:28"]
[BlackClock "0:00:57"]

1. e4 c5 2. Nf3 Nc6 3. d4 cxd4 4. Nxd4 g6 5. Nc3 Bg7 6. Be3 Nf6 7. Bc4 O-O 8. Bb3 d6 9. h3 Bd7 10. O-O a6 11. f4 Rc8 12. Nf3 Na5 13. e5 Ne8 14. Nd5 Nxb3 15. Bb6 Nc7 16. axb3 Bc6 17. Nxc7 Rxc7 18. c3 d5 19. Nd4 Qc8 20. Bxc7 Qxc7 21. Qe2 e6 22. Rae1 Bd7 23. g4 Rc8 24. f5 Qb6 25. fxe6 fxe6 26. Qf2 Rf8 27. Qh4 Rxf1+ 28. Rxf1 Bxe5 29. Qe7 Bxd4+ 30. cxd4 Qxd4+ 31. Rf2 1-0


[Site "https://www.chess.com"]

[Event "Titled Tuesday Blitz May 10 Early 2022"]
[White "Alekseenko, Kirill"]
[Black "Guliev, Logman"]
[WhiteFideId "4135539"]
[BlackFideId "13400061"]
[WhiteElo "2682"]
[BlackElo "2128"]
[Result "1-0"]
[Round "01"]
[TimeControl "180+1"]
[Date "2022.05.10"]
[WhiteClock "0:01:02"]
[BlackClock "0:00:03"]

1. e4 c5 2. Nf3 d6 3. d4 cxd4 4. Nxd4 Nf6 5. Nc3 Nc6 6. Be2 e5 7. Nb3 Be7 8. O-O O-O 9. Bg5 Be6 10. Bxf6 Bxf6 11. Nd5 Bxd5 12. Qxd5 Qc7 13. c3 Rfd8 14. Rad1 Ne7 15. Qc4 Qb6 16. Bf3 Rac8 17. Qa4 a6 18. g3 Qc6 19. Qb4 b5 20. Nd2 Qb6 21. Qb3 a5 22. a3 a4 23. Qa2 Qc5 24. Rfe1 Bg5 25. Nf1 g6 26. h4 Bh6 27. Nh2 Bg7 28. Ng4 Qc4 29. Qb1 h5 30. Ne3 Qc5 31. Nd5 Nxd5 32. Rxd5 Qc6 33. Red1 Kh7 34. Be2 Rb8 35. Qd3 Rb6 36. Qf3 Kg8 37. Bd3 Rf8 38. Bb1 Qc7 39. Ba2 Rd8 40. R5d3 Rf8 41. Kh1 Kh7 42. Qe2 f5 43. exf5 Rxf5 44. Bd5 Rb8 45. Be4 Rf6 46. Qxh5+ Kg8 47. Bxg6 Qc6+ 48. Kg1 Qc5 49. Rf3 Rxf3 50. Bh7+ Kh8 51. Bf5+ Kg8 52. Be6+ Kf8 53. Qxf3+ 1-0


[Site "https://www.chess.com"]

[Event "Titled Tuesday Blitz May 10 Early 2022"]
[White "Al-Tarboush, Ward"]
[Black "San, Thit Lwin"]
[WhiteFideId "7601450"]
[BlackFideId "13001272"]
[WhiteElo "2294"]
[BlackElo "2232"]
[Result "1-0"]
[Round "01"]
[TimeControl "180+1"]
[Date "2022.05.11"]
[WhiteClock "0:00:47"]
[BlackClock "0:00:13"]

1. e4 Nf6 2. e5 Nd5 3. d4 d6 4. Nf3 Bg4 5. Be2 e6 6. O-O Be7 7. c4 Nb6 8. Nc3 O-O 9. Be3 Nc6 10. exd6 cxd6 11. d5 Bxf3 12. Bxf3 Ne5 13. dxe6 fxe6 14. Bxb7 Rb8 15. Be4 Nbxc4 16. Bd4 d5 17. Bc2 Bf6 18. b3 Nb2 19. Bxh7+ Kxh7 20. Qh5+ Kg8 21. Bxe5 Nd3 22. Bxb8 Qxb8 23. Rad1 Nf4 24. Qf3 Bxc3 25. Qg4 d4 26. g3 e5 27. gxf4 Rxf4 28. Qe6+ Kh7 29. Rd3 Rh4 30. Rg3 Qd8 31. Qg6+ Kh8 32. Qxg7# 1-0


[Site "https://www.chess.com"]

[Event "Titled Tuesday Blitz May 10 Early 2022"]
[White "Ambartsumova, Karina"]
[Black "talman67"]
[WhiteFideId "4166299"]
[WhiteElo "2262"]
[BlackElo "2169"]
[Result "0-1"]
[Round "01"]
[TimeControl "180+1"]
[Date "2022.05.11"]
[WhiteClock "0:00:17"]
[BlackClock "0:01:39"]

1. c4 e5 2. Nc3 Nf6 3. Nf3 Nc6 4. a3 Bc5 5. b4 Bd4 6. Bb2 O-O 7. e3 Bxc3 8. Bxc3 Re8 9. d3 d5 10. cxd5 Nxd5 11. Bb2 a5 12. b5 Nd4 13. exd4 exd4+ 14. Kd2 c5 15. bxc6 bxc6 16. Bxd4 Bg4 17. h3 Bh5 18. g4 Bg6 19. Be2 Nf4 20. Re1 c5 21. Be5 Nxd3 22. Bxd3 Qxd3+ 23. Kc1 Qc4+ 24. Kd2 Rad8+ 25. Bd4 Rxd4+ 26. Nxd4 Qxd4+ 27. Kc1 Qc3+ 0-1


[Site "https://www.chess.com"]

[Event "Titled Tuesday Blitz May 10 Early 2022"]
[White "Andreikin, Dmitry"]
[Black "Vusatiuk, Vladimir"]
[WhiteFideId "4158814"]
[BlackFideId "14118610"]
[WhiteElo "2736"]
[BlackElo "2157"]
[Result "1-0"]
[Round "01"]
[TimeControl "180+1"]
[Date "2022.05.10"]
[WhiteClock "0:02:07"]
[BlackClock "0:00:06"]

1. d4 Nf6 2. c4 e6 3. Nf3 a6 4. Nc3 d5 5. c5 b6 6. cxb6 cxb6 7. Bf4 Bd6 8. Bg3 O-O 9. e3 Bb7 10. Bd3 Nc6 11. Rc1 Rc8 12. Bb1 Na5 13. Ne5 Nc4 14. Qe2 Qc7 15. f4 g6 16. O-O Qe7 17. Bh4 Qd8 18. b3 Na3 19. Bxf6 Qxf6 20. Nd7 Qe7 21. Nxf8 Nxb1 22. Nxg6 hxg6 23. Nxb1 Rd8 24. Nd2 Ba3 25. Rc2 Bd6 26. Nf3 f6 27. Ne5 fxe5 28. fxe5 Bb4 29. Qg4 Kh7 30. Rf6 Rg8 31. Rxe6 Qd7 32. Qh4+ Kg7 33. Rxb6 Be7 34. e6 Qd8 35. Rxb7 1-0


[Site "https://www.chess.com"]

[Event "Titled Tuesday Blitz May 10 Early 2022"]
[White "Ardila, Oscar Humberto"]
[Black "Ianov, Viktor"]
[WhiteFideId "4404742"]
[BlackFideId "14102730"]
[WhiteElo "1928"]
[BlackElo "2152"]
[Result "1/2-1/2"]
[Round "01"]
[TimeControl "180+1"]
[Date "2022.05.11"]
[WhiteClock "0:00:07"]
[BlackClock "0:00:39"]

1. d4 d6 2. Nf3 g6 3. c4 Bg7 4. Nc3 Bg4 5. e3 c5 6. dxc5 Bxc3+ 7. bxc3 dxc5 8. Bd2 Nc6 9. Be2 Nf6 10. h3 Bf5 11. O-O Ne4 12. Rc1 Qa5 13. Qb3 O-O-O 14. Rfd1 Rd7 15. g4 Be6 16. Be1 Rhd8 17. Qc2 Nd6 18. Qb3 Qa6 19. Ng5 Bxc4 20. Bxc4 Qxc4 21. Qxc4 Nxc4 22. Rxd7 Rxd7 23. Nxf7 N6e5 24. Ng5 h6 25. Ne6 b6 26. f4 Nd3 27. Ra1 Nxe3 28. Bg3 Nd5 29. c4 Ne3 30. Nf8 Rd4 31. Nxg6 Kd8 32. f5 Nxc4 33. Bh4 Re4 34. Rd1 Nb2 35. Rd2 c4 36. f6 exf6 37. Bxf6+ Kc7 38. Bxb2 Nxb2 39. Rxb2 Kc6 40. Kf2 b5 41. Kf3 Rd4 42. Nf4 a5 43. Ke3 Rd1 44. Rd2 Rh1 45. Kd4 Rf1 46. Nd5 Rf3 47. Nc3 b4 48. Ne4 c3 49. Rc2 Rxh3 50. a3 Kb5 51. axb4 axb4 52. Nd6+ Ka4 53. Kc4 Rg3 54. Ne4 Rxg4 55. Kd5 Kb3 56. Re2 h5 57. Nc5+ Ka3 58. Re8 c2 59. Ra8+ Kb2 60. Nd3+ Kc3 61. Nc1 Rg1 62. Rc8+ Kb2 63. Nd3+ Kb1 64. Rc4 b3 65. Rb4 c1=Q 66. Rxb3+ Kc2 67. Nxc1 Kxc1 68. Rh3 Rg5+ 69. Ke4 Kd2 70. Kf4 Rd5 71. Ke4 Ra5 72. Kf4 Ke2 73. Rb3 Kf2 74. Rc3 Kg2 75. Rb3 Kh2 76. Rc3 h4 77. Kg4 Ra4+ 78. Kh5 h3 79. Kg5 Kg2 80. Rc2+ Kf1 81. Rc1+ Kf2 82. Rc2+ Kf3 83. Rc3+ Kg2 84. Rc2+ Kg3 85. Rc3+ Kf2 86. Rc2+ Kg1 87. Rc1+ Kh2 88. Rc2+ Kg3 89. Rc3+ Kf2 90. Rc2+ 1/2-1/2


[Site "https://www.chess.com"]

[Event "Titled Tuesday Blitz May 10 Early 2022"]
[White "Arias, Juan Cruz"]
[Black "Nugumanov, Bakhtiyar"]
[WhiteFideId "118540"]
[BlackFideId "13701797"]
[WhiteElo "2091"]
[BlackElo "2262"]
[Result "1-0"]
[Round "01"]
[TimeControl "180+1"]
[Date "2022.05.11"]
[WhiteClock "0:01:20"]
[BlackClock "0:00:10"]

1. d4 d5 2. Nc3 e6 3. e4 Bb4 4. exd5 exd5 5. Qf3 Ne7 6. Bd3 O-O 7. Ne2 c5 8. dxc5 Bxc5 9. O-O Nbc6 10. Bf4 Ng6 11. Qxd5 Nxf4 12. Nxf4 Qh4 13. Qxc5 Qxf4 14. Rfe1 Be6 15. Rad1 Rad8 16. Qe3 Qf6 17. a3 Rfe8 18. Qg3 h6 19. h3 Nd4 20. Ne4 Qe7 21. Nd2 Qc5 22. Ne4 Qb6 23. Nf6+ 1-0


[Site "https://www.chess.com"]

[Event "Titled Tuesday Blitz May 10 Early 2022"]
[White "Atakhan, Abtin"]
[Black "Sahil, Tickoo"]
[WhiteFideId "22502203"]
[BlackFideId "5019710"]
[WhiteElo "2094"]
[BlackElo "2099"]
[Result "0-1"]
[Round "01"]
[TimeControl "180+1"]
[Date "2022.05.11"]
[WhiteClock "0:00:02"]
[BlackClock "0:00:08"]

1. c4 e6 2. Nf3 d5 3. g3 Nf6 4. Bg2 dxc4 5. O-O Nbd7 6. Qa4 a6 7. Nc3 Rb8 8. Qxc4 b5 9. Qb3 Bb7 10. d3 Be7 11. Bf4 O-O 12. Rfc1 Bd6 13. Bxd6 cxd6 14. d4 Qe7 15. e3 Rfc8 16. Nd2 Bxg2 17. Kxg2 Nb6 18. Ne2 Qb7+ 19. Kg1 Ne4 20. Nxe4 Qxe4 21. Rxc8+ Rxc8 22. Rc1 Rxc1+ 23. Nxc1 Qc6 24. Qd1 g6 25. Nd3 Qc4 26. b3 Qc3 27. Nf4 Nd5 28. Nxd5 exd5 29. Qe2 Kg7 30. Kg2 h5 31. h4 Qa1 32. Qc2 b4 33. Qe2 a5 34. Qc2 Qc3 35. Qb1 Qd2 36. Qa1 Qc2 37. Kf3 Qe4+ 38. Ke2 Qc2+ 39. Ke1 Kf6 40. Qd1 Qxa2 41. Qf3+ Kg7 42. Qxd5 a4 43. Qxd6 Qxb3 44. Qe5+ Kg8 45. Qb8+ Kh7 46. d5 a3 47. Qb7 Kg7 48. Qe7 Qc3+ 49. Kf1 a2 50. Kg2 a1=Q 51. d6 Qf6 52. Qe8 Qab2 53. d7 Qbxf2+ 0-1


[Site "https://www.chess.com"]

[Event "Titled Tuesday Blitz May 10 Early 2022"]
[White "Avazkhonov, Alikhon"]
[Black "Gallego Alcaraz, Andres Felipe"]
[WhiteFideId "14208504"]
[BlackFideId "4402669"]
[WhiteElo "1739"]
[BlackElo "2340"]
[Result "1/2-1/2"]
[Round "01"]
[TimeControl "180+1"]
[Date "2022.05.11"]
[WhiteClock "0:00:05"]
[BlackClock "0:00:18"]

1. f4 d5 2. Nf3 Nf6 3. g3 g6 4. Bg2 Bg7 5. O-O O-O 6. d3 c5 7. Qe1 Nc6 8. e4 dxe4 9. dxe4 e5 10. Nc3 exf4 11. Bxf4 Re8 12. Rd1 Nd4 13. Nxd4 cxd4 14. Nb5 Nh5 15. e5 Nxf4 16. gxf4 d3 17. Rxd3 Qb6+ 18. Nd4 Bf5 19. Rd1 Bxc2 20. Rd2 Rad8 21. Rxc2 Rxd4 22. Kh1 Bh6 23. Qg3 Qb4 24. f5 Bf4 25. Qh3 Bxe5 26. a3 Qd6 27. Rcf2 g5 28. f6 Rh4 29. Qf5 Rxh2+ 30. Kg1 h6 31. Be4 Bxf6 32. Qh7+ Kf8 33. Qh8+ Ke7 34. Qxf6+ Qxf6 35. Rxf6 Rxb2 36. Rxf7+ Kd6 37. Rxb7 Rxb7 38. Bxb7 Re3 39. a4 Kc5 40. a5 a6 41. Bxa6 Ra3 42. Rf5+ Kb4 43. Rb5+ Kc4 44. Rb1+ Kc5 45. Rb5+ Kc6 46. Rf5 g4 47. Bf1 g3 48. a6 Kb6 49. Kg2 Ka7 50. Rf7+ Kb6 51. Rf6+ Ka7 52. Rxh6 Ra2+ 53. Kxg3 Ra1 54. Rh7+ Kb8 55. a7+ Rxa7 56. Rh8+ Kc7 57. Bg2 Kb6 58. Kf4 Rc7 59. Be4 Kc5 60. Rh5+ Kd4 61. Rd5+ Kc4 62. Rd1 Rc5 63. Ke3 Kc3 64. Rc1+ Kb4 65. Rb1+ Kc3 66. Rb8 Rc4 67. Bd3 Rc5 68. Rb1 Re5+ 69. Be4 Rc5 70. Rh1 Rc4 71. Rc1+ Kb4 72. Rd1 Kc3 73. Rd6 Rc5 74. Rd3+ Kc4 75. Bf3 Rc7 76. Be4 Rc5 77. Rd1 Kc3 78. Ra1 Rc4 79. Ra5 Rc7 80. Ra4 Rc5 81. Bd3 Rc7 82. Ra3+ Kb4 83. Ra6 Rc5 84. Rb6+ Kc3 85. Rb1 Re5+ 86. Be4 Rc5 1/2-1/2


[Site "https://www.chess.com"]

[Event "Titled Tuesday Blitz May 10 Early 2022"]
[White "Azarov, Sergei"]
[Black "Horak, Martin"]
[WhiteFideId "13501470"]
[BlackFideId "367095"]
[WhiteElo "2494"]
[BlackElo "1997"]
[Result "1-0"]
[Round "01"]
[TimeControl "180+1"]
[Date "2022.05.10"]
[WhiteClock "0:00:35"]
[BlackClock "0:00:19"]

1. e4 c5 2. Nf3 e6 3. d4 cxd4 4. Nxd4 Nc6 5. Nc3 Qc7 6. Be2 a6 7. O-O Nf6 8. Be3 Be7 9. f4 d6 10. Qe1 O-O 11. Kh1 b5 12. Nxc6 Qxc6 13. e5 Nd5 14. Nxd5 exd5 15. Bd3 dxe5 16. fxe5 d4 17. Bxd4 Bb7 18. Qg3 Rad8 19. c3 Bc5 20. Rf4 Bxd4 21. cxd4 g6 22. Raf1 Rd7 23. Rf6 Qxg2+ 24. Qxg2 Bxg2+ 25. Kxg2 Rxd4 26. Bc2 Rd5 27. Bb3 Rxe5 28. Rxf7 Rxf7 29. Rxf7 Kh8 30. Kf3 a5 31. Bc2 Rh5 32. Kg2 Rd5 33. Be4 Rd4 34. Bc6 Rb4 35. b3 a4 36. Rf3 Kg7 37. bxa4 bxa4 38. Ra3 1-0


[Site "https://www.chess.com"]

[Event "Titled Tuesday Blitz May 10 Early 2022"]
[White "Babazada, Khazar"]
[Black "Abrahamyan, Tatev"]
[WhiteFideId "13413554"]
[BlackFideId "13301918"]
[WhiteElo "2406"]
[BlackElo "2352"]
[Result "1-0"]
[Round "01"]
[TimeControl "180+1"]
[Date "2022.05.10"]
[WhiteClock "0:00:05"]
[BlackClock "0:00:08"]

1. Nf3 Nf6 2. g3 b6 3. Bg2 Bb7 4. O-O e6 5. b3 Be7 6. Bb2 O-O 7. d3 c5 8. Nbd2 d5 9. Re1 Nc6 10. e4 Re8 11. Ne5 Qc7 12. Nxc6 Bxc6 13. e5 Nd7 14. f4 Bf8 15. c4 b5 16. cxd5 Bxd5 17. Bxd5 exd5 18. Qf3 Qb7 19. f5 Qc6 20. Qg4 d4 21. Nf3 Qd5 22. Qf4 Rac8 23. Re4 Rc6 24. Rae1 a5 25. Bc1 a4 26. bxa4 bxa4 27. a3 Rb6 28. Nd2 g6 29. Nc4 Rb1 30. Rf1 Nb6 31. fxg6 hxg6 32. e6 f5 33. Re5 Qc6 34. Qg5 Rxe6 35. Rexf5 Bg7 36. Rf7 Rxc1 37. Qxc1 Re2 38. R7f2 Rxf2 39. Rxf2 Nd5 40. Qg5 Ne3 41. Qd8+ Kh7 42. Qh4+ Kg8 43. Qf4 Nxc4 44. dxc4 d3 45. Qf7+ Kh7 46. Rf4 g5 47. Rf2 Qe4 48. Qf3 Qxf3 49. Rxf3 Bd4+ 50. Kg2 d2 51. Rd3 Bb2 52. Rxd2 Bxa3 53. Ra2 Bb4 54. Rxa4 Kg6 55. Kf3 Kf5 56. g4+ Ke5 57. Ke3 Be1 58. Ra8 Bc3 59. Re8+ Kf6 60. Ke4 Bd4 61. Rd8 1-0


[Site "https://www.chess.com"]

[Event "Titled Tuesday Blitz May 10 Early 2022"]
[White "Baches Garcia, Guillermo"]
[Black "Suleymanli, Aydin"]
[WhiteFideId "2209764"]
[BlackFideId "13413937"]
[WhiteElo "2500"]
[BlackElo "2481"]
[Result "1/2-1/2"]
[Round "01"]
[TimeControl "180+1"]
[Date "2022.05.10"]
[WhiteClock "0:00:07"]
[BlackClock "0:00:11"]

1. e4 c5 2. Nf3 Nc6 3. d4 cxd4 4. Nxd4 Qb6 5. Nb3 Nf6 6. Nc3 e6 7. Qe2 d6 8. g4 h6 9. h4 Be7 10. Bg2 Ne5 11. g5 hxg5 12. hxg5 Rxh1+ 13. Bxh1 Nfg4 14. Bg2 Bd7 15. Bh3 Nh2 16. Be3 Nef3+ 17. Kd1 Qc7 18. Bg2 Ne5 19. f4 Neg4 20. Bg1 d5 21. e5 d4 22. Nxd4 Bc5 23. Ne4 Rd8 24. Nxc5 Qxc5 25. c3 Ba4+ 26. Ke1 Rxd4 27. Bxd4 Qa5 28. Bh3 Bb5 29. Qd1 Ba4 30. b3 Ne3 31. Qd3 Bc6 32. Qxe3 Nf3+ 33. Kf2 Nh4 34. Bf1 Qd5 35. Qg3 Qh1 36. Re1 Nf5 37. Bg2 Qxe1+ 38. Kxe1 Nxg3 39. Bxc6+ bxc6 40. Bxa7 Ne4 41. Bd4 c5 42. Be3 Kd7 43. c4 Kc6 44. Kd1 Nc3+ 45. Kc2 Nxa2 46. Bd2 Nb4+ 47. Bxb4 cxb4 48. Kd3 Kc5 49. Ke3 g6 50. Kd3 Kb6 51. Kd4 Kc6 52. Ke4 Kc5 53. Ke3 Kb6 54. Kd4 Kc6 55. c5 Kb5 56. Ke4 Kxc5 57. Kd3 Kd5 58. Ke3 Kc5 59. Kd3 Kd5 60. Ke3 Kc6 61. Kd4 Kb5 62. Ke3 Kc5 63. Kd3 1/2-1/2


[Site "https://www.chess.com"]

[Event "Titled Tuesday Blitz May 10 Early 2022"]
[White "Bachmann, Axel"]
[Black "Karolczuk, Iwo"]
[WhiteFideId "3700488"]
[BlackFideId "21816972"]
[WhiteElo "2587"]
[BlackElo "2258"]
[Result "1-0"]
[Round "01"]
[TimeControl "180+1"]
[Date "2022.05.11"]
[WhiteClock "0:00:48"]
[BlackClock "0:00:04"]

1. e4 c5 2. Nf3 d6 3. d4 cxd4 4. Nxd4 Nf6 5. Nc3 a6 6. a4 g6 7. Be2 Bg7 8. O-O O-O 9. Be3 Nc6 10. Qd2 Bd7 11. Rfd1 Rc8 12. Nb3 Ne5 13. Bh6 Bxh6 14. Qxh6 Qb6 15. a5 Qb4 16. Rd4 Nc4 17. e5 dxe5 18. Rh4 Be6 19. Ne4 Rfd8 20. Ng5 Rd4 21. Nxd4 Qxb2 22. Rf1 Qxd4 23. Rxd4 exd4 24. Nxe6 fxe6 25. Qg5 Kf7 26. h4 Nd6 27. h5 Nf5 28. hxg6+ hxg6 29. Bd3 Rc5 30. g4 1-0


[Site "https://www.chess.com"]

[Event "Titled Tuesday Blitz May 10 Early 2022"]
[White "Bacrot, Etienne"]
[Black "Sjoberg, Isak"]
[WhiteFideId "605506"]
[BlackFideId "1521640"]
[WhiteElo "2673"]
[BlackElo "2037"]
[Result "1-0"]
[Round "01"]
[TimeControl "180+1"]
[Date "2022.05.10"]
[WhiteClock "0:00:09"]
[BlackClock "0:00:09"]

1. e4 Nf6 2. e5 Nd5 3. Nc3 Nxc3 4. dxc3 d6 5. Bc4 e6 6. Nf3 Nc6 7. Bf4 d5 8. Bd3 h6 9. h4 b6 10. Qe2 Bb7 11. O-O-O Qd7 12. a3 O-O-O 13. c4 Ne7 14. Kb1 Qa4 15. Bc1 Kb8 16. cxd5 Nxd5 17. Bb5 Qg4 18. Rd4 Qxg2 19. Rg1 Qh3 20. c4 Bc5 21. cxd5 Bxd4 22. Nxd4 Rxd5 23. Be3 Qxh4 24. Nc6+ Ka8 25. Rc1 Qe4+ 26. Ka1 h5 27. Ba6 Bxc6 28. Rxc6 Ra5 29. Rxc7 Qxe5 30. Qc4 Rc5 31. Rxc5 bxc5 32. Bf4 Qd5 33. Bb5 Qxc4 34. Bc6# 1-0


[Site "https://www.chess.com"]

[Event "Titled Tuesday Blitz May 10 Early 2022"]
[White "Bai, Adelard"]
[Black "Polster, Christian"]
[WhiteFideId "16301188"]
[BlackFideId "12965081"]
[WhiteElo "2120"]
[BlackElo "2288"]
[Result "1-0"]
[Round "01"]
[TimeControl "180+1"]
[Date "2022.05.11"]
[WhiteClock "0:01:05"]
[BlackClock "0:00:01"]

1. d4 d5 2. c4 e6 3. Nf3 c6 4. g3 Nf6 5. Bg2 Be7 6. Qc2 O-O 7. O-O b6 8. Bf4 Bb7 9. Nbd2 Nbd7 10. e4 dxe4 11. Nxe4 Nxe4 12. Qxe4 Nf6 13. Qe2 c5 14. Rad1 cxd4 15. Nxd4 Bxg2 16. Kxg2 Qc8 17. b3 Rd8 18. Qf3 Bc5 19. Nc6 Rxd1 20. Rxd1 Qe8 21. Bd6 Bxd6 22. Rxd6 a5 23. Ne5 Rb8 24. g4 Qe7 25. Qd3 Qc7 26. f4 h6 27. h4 b5 28. g5 Nh5 29. Kf3 bxc4 30. Nxc4 Qb7+ 31. Qe4 Qxe4+ 32. Kxe4 hxg5 33. hxg5 a4 34. Rb6 Ra8 35. b4 Ng3+ 36. Ke5 Nf5 37. b5 Kh7 38. Rb7 Kg6 39. Ke4 Rc8 40. Ne5+ Kh5 41. Nxf7 Rc4+ 42. Ke5 Rc2 43. Kxe6 Nd4+ 44. Kd5 1-0


[Site "https://www.chess.com"]

[Event "Titled Tuesday Blitz May 10 Early 2022"]
[White "Ballester Llagaria, Luis Eduardo"]
[Black "Trimitzios, Petros"]
[WhiteFideId "2297620"]
[BlackFideId "25808796"]
[WhiteElo "2344"]
[BlackElo "2049"]
[Result "0-1"]
[Round "01"]
[TimeControl "180+1"]
[Date "2022.05.11"]
[WhiteClock "0:00:26"]
[BlackClock "0:01:49"]

1. e4 e5 2. Nf3 Nc6 3. Bc4 Bc5 4. O-O d6 5. d3 h6 6. c3 Nf6 7. b4 Bb6 8. a4 a6 9. Nbd2 Be6 10. h3 O-O 11. Re1 Re8 12. Bxe6 fxe6 13. Nf1 Rf8 14. Be3 Bxe3 15. Nxe3 Ne7 16. Qb3 Qd7 17. d4 exd4 18. Nxd4 d5 19. exd5 exd5 20. c4 c6 21. cxd5 Nexd5 22. b5 Kh8 23. bxc6 bxc6 24. Nxd5 Nxd5 25. Qc4 Rf6 26. Rac1 Ne7 27. Nb3 a5 28. Nc5 Qa7 29. Rcd1 Nd5 30. Ne4 Re6 31. Nc5 Re7 32. Rxe7 Qxe7 33. Ne4 Qe6 34. Nc3 Rd8 35. Nxd5 cxd5 36. Qd4 Qd6 37. Rb1 Rc8 38. g3 Rc4 39. Qd3 Rxa4 40. Rb5 d4 41. Rb8+ Qxb8 42. Qb3 Qxb3 0-1


[Site "https://www.chess.com"]

[Event "Titled Tuesday Blitz May 10 Early 2022"]
[White "Bashirli, Nail"]
[Black "Pourkashiyan, Atousa"]
[WhiteFideId "13406809"]
[BlackFideId "12502014"]
[WhiteElo "2333"]
[BlackElo "2247"]
[Result "1-0"]
[Round "01"]
[TimeControl "180+1"]
[Date "2022.05.11"]
[WhiteClock "0:00:21"]
[BlackClock "0:01:03"]

1. e4 e5 2. Nf3 Nf6 3. Nc3 Nc6 4. Bb5 Bb4 5. O-O O-O 6. d3 d6 7. Bg5 Be6 8. Nd5 Bxd5 9. exd5 Nb8 10. c3 Ba5 11. d4 h6 12. Bh4 exd4 13. Nxd4 a6 14. Bd3 Nbd7 15. Re1 Ne5 16. Bc2 Ng6 17. Bxg6 fxg6 18. Ne6 Qd7 19. Nxf8 Rxf8 20. Qd3 Bb6 21. Bg3 Qg4 22. h3 Qxg3 23. Qxg3 1-0


[Site "https://www.chess.com"]

[Event "Titled Tuesday Blitz May 10 Early 2022"]
[White "Bashirli, Saadat"]
[Black "Golubev, Mikhail"]
[WhiteFideId "13429990"]
[BlackFideId "14100983"]
[WhiteElo "1173"]
[BlackElo "2374"]
[Result "0-1"]
[Round "01"]
[TimeControl "180+1"]
[Date "2022.05.11"]
[WhiteClock "0:00:42"]
[BlackClock "0:01:14"]

1. e4 g6 2. d4 Bg7 3. Nc3 d6 4. Be2 Nf6 5. Be3 O-O 6. h4 h5 7. Nf3 Bg4 8. Qd2 Nc6 9. O-O-O e5 10. d5 Bxf3 11. Bxf3 Nd4 12. Bxd4 exd4 13. Ne2 Re8 14. Ng3 Nd7 15. Kb1 c5 16. Bxh5 gxh5 17. Nxh5 Nf6 18. Nxg7 Kxg7 19. Qg5+ Kh7 20. Qf5+ Kh8 21. g4 Re5 22. Qf3 Qe7 23. g5 Nxe4 24. Qh5+ Kg8 25. f4 Rxd5 26. c4 Rf5 27. Qg4 Qe6 28. Rhe1 Re8 29. h5 Re5 30. Qg2 Nc3+ 31. bxc3 Rxe1 32. Rxe1 Qxe1+ 33. Kb2 Re2+ 34. Qxe2 Qxe2+ 35. Kb3 Qd3 36. Ka4 Qxc3 37. a3 Qxc4+ 38. Ka5 b6# 0-1


[Site "https://www.chess.com"]

[Event "Titled Tuesday Blitz May 10 Early 2022"]
[White "Batsiashvili, Nino"]
[Black "Xu, Yi"]
[WhiteFideId "13602993"]
[BlackFideId "8605564"]
[WhiteElo "2193"]
[BlackElo "2471"]
[Result "0-1"]
[Round "01"]
[TimeControl "180+1"]
[Date "2022.05.10"]
[WhiteClock "0:00:29"]
[BlackClock "0:00:54"]

1. d4 Nf6 2. c4 e6 3. Nc3 Bb4 4. Nf3 d5 5. Bg5 h6 6. Bxf6 Qxf6 7. Qa4+ Nc6 8. e3 O-O 9. Rd1 Rd8 10. Qc2 e5 11. cxd5 exd4 12. dxc6 Bf5 13. Bd3 Bxd3 14. Rxd3 dxc3 15. cxb7 cxb2+ 16. Ke2 Rab8 17. Rxd8+ Rxd8 18. Qc4 Qb6 19. Rb1 Ba3 20. Ne5 Qxb7 21. Qxf7+ Kh8 22. Qb3 Qe4 23. Nf7+ Kh7 24. Rxb2 Qg4+ 25. Ke1 Bb4+ 26. Rd2 Rxd2 0-1


[Site "https://www.chess.com"]